 Dungeon Crawl Stone Soup version 0.28.0 (webtiles) character file.

Game seed: 6598778139111542759

793 oldriver the Covered (level 7, 0/45 HPs)
             Began as a Gargoyle Fighter on Feb 5, 2022.
             Slain by an ogre (14 damage)
             ... on level 6 of the Dungeon.
             The game lasted 00:05:01 (5662 turns).

oldriver the Covered (Gargoyle Fighter)             Turns: 5662, Time: 00:05:01

Health: 0/45       AC: 13    Str: 22    XL:     7   Next: 88%
Magic:  7/7        EV:  9    Int:  8    God:
Gold:   205        SH:  4    Dex:  9    Spells: 6/6 levels left

rFire   . . .      SeeInvis +   a - +0 flail
rCold   . . .      Faith    .   c - +0 buckler
rNeg    + . .      Spirit   .   h - +0 scale mail
rPois   ∞          Reflect  .   (no helmet)
rElec   +          Harm     .   k - +0 cloak
rCorr   .          Rampage  .   (no gloves)
Will    .....                   (no boots)
Stlth   ..........              (no amulet)
HPRegen 0.15/turn               m - ring of see invisible
MPRegen 0.10/turn               (no ring)

@: no status effects
A: sickness immunity, AC +4, negative energy resistance 1, electricity
resistance, torment resistance 1, petrification resistance
a: no special abilities


You were on level 6 of the Dungeon.
You visited 1 branch of the dungeon, and saw 6 of its levels.

You collected 205 gold pieces.

Inventory:

Hand Weapons
 a - a +0 flail (weapon)
 b - a +0 hunting sling
Missiles
 e - 3 curare-tipped darts (quivered)
 g - 132 stones
Armour
 c - a +0 buckler (worn)
 h - a +0 scale mail (worn)
 k - a +0 cloak (worn)
Jewellery
 m - a ring of see invisible (left hand)
Scrolls
 f - 3 scrolls of blinking {unknown}
 j - a scroll of enchant weapon {unknown}
 n - 3 scrolls of teleportation {unknown}
 p - a scroll of vulnerability {unknown}
 s - a scroll of noise {unknown}
 t - a scroll of enchant armour {unknown}
Potions
 d - a potion of might
 i - a potion of heal wounds
 l - a potion of flight {unknown}
 o - a potion of curing {unknown}
 q - a potion of magic {unknown}
 r - a potion of degeneration {unknown}


   Skills:
 + Level 5.9 Fighting
 + Level 4.8 Maces & Flails
 + Level 5.9 Armour
 - Level 5.0 Shields


You had 6 spell levels left.
You didn't know any spells.
Your spell library contained the following spells:

 Spells                   Type           Power      Damage    Failure   Level
 Beastly Appendage        Tmut           0%         N/A       80%         1
 Wereblood                Tmut           0%         N/A       91%         2
 Gell's Gravitas          Tloc           0%         N/A       99%         3
 Spider Form              Tmut/Pois      0%         N/A       99%         3
 Teleport Other           Tloc           0%         N/A       99%         3
 Dispersal                Tloc           0%         N/A       100%        6


Dungeon Overview and Level Annotations

Branches:
Dungeon (6/15)
 Temple: D:4-7

Altars:

Annotations:
D:5 Sigmund


Innate Abilities, Weirdness & Mutations

You are immune to sickness and miasma.
Your stone body is resilient. (AC +4)
You are immune to poison.
You resist negative energy. (rN+)
You are resistant to electric shocks. (rElec)
You are resistant to unholy torment.
You are immune to petrification.


Message History

The ufetubus hits you but does no damage.
You block the ufetubus's attack.
You hit the ufetubus but do no damage.
The ufetubus is lightly wounded.
The ufetubus barely misses you. The ufetubus hits you.
The ufetubus hits you but does no damage.
The ufetubus hits you.
You sock the ufetubus!
You kill the ufetubus!
Found a stone staircase leading down.
You now have 205 gold pieces (gained 13).
t - a scroll labelled GOARE CUCUL
Found a stone staircase leading down.
A howler monkey skeleton comes into view.
A howler monkey skeleton is nearby!
An ogre comes into view. It is wielding a +0 giant club.
The ogre shouts!
The howler monkey skeleton hits you.
You barely miss the howler monkey skeleton.
The howler monkey skeleton hits you.
You completely miss the ogre. You hit the ogre.
The ogre is lightly wounded.
The ogre hits you but does no damage.
You hit the ogre but do no damage.
The ogre is lightly wounded.
The ogre hits you with a +0 giant club!
You sock the ogre!
The ogre is severely wounded.
The ogre hits you with a +0 giant club!
You barely miss the ogre.
The ogre is severely wounded.
You block the ogre's attack.
You completely miss the ogre.
The ogre is severely wounded.
The ogre hits you with a +0 giant club!
You hit the ogre.
The ogre is almost dead.
The ogre hits you with a +0 giant club!
You die...

..# #..# .....###..####
#.# ........Z....# #.#
.......#####O# #.# .....#.
#Z## #.# .... #. #..# #.#
### #. #..# #.#
#.#####..#####.#####
#........ZO@.......#
####.#########.###.#######
# #.# #.......# #.#
#######.## #.# ##...## ...
##.#.#.# ... #.#...#. ..>
#.#.#.#. #.#...#<


You could see an ogre and a howler monkey skeleton.

Vanquished Creatures
  Duvessa (D:5)
  A sky beast (D:5)
  A necrophage (D:4)
  A water moccasin zombie (D:5)
  Dowan (D:5)
  A water moccasin skeleton (D:5)
  2 hounds
  A gnoll shaman (D:3)
  2 iguanas
  7 adders
  8 gnolls
  An ufetubus (D:6)
  A dart slug (D:4)
  3 orcs (D:3)
  10 ball pythons
  3 endoplasms
  5 giant cockroaches
  3 goblins
  5 hobgoblins
  3 quokkas
  5 bats (D:1)
  3 frilled lizards
  8 kobolds
  13 rats
89 creatures vanquished.

Notes
Turn   | Place    | Note
-------+----------+-------------------------------------------
     0 | D:1      | oldriver the Gargoyle Fighter began the quest for the Orb.
     0 | D:1      | Reached XP level 1. HP: 14/14 MP: 1/1
   194 | D:1      | Found a faded altar of an unknown god.
   244 | D:1      | Reached XP level 2. HP: 17/19 MP: 2/2
   892 | D:1      | Reached XP level 3. HP: 23/23 MP: 3/3
  2004 | D:3      | Reached XP level 4. HP: 29/29 MP: 4/4
  2885 | D:4      | Reached XP level 5. HP: 17/33 MP: 5/5
  3338 | D:4      | Noticed a necrophage
  3348 | D:4      | Killed a necrophage
  3349 | D:4      | Reached XP level 6. HP: 29/39 MP: 6/6
  4749 | D:5      | Entered Level 5 of the Dungeon
  4764 | D:5      | Reached skill level 5 in Armour
  4876 | D:5      | Reached skill level 5 in Fighting
  4876 | D:5      | Reached skill level 5 in Shields
  4876 | D:5      | Reached XP level 7. HP: 32/44 MP: 7/7
  4955 | D:5      | Noticed Sigmund
  5326 | D:5      | Noticed Duvessa
  5326 | D:5      | Noticed Dowan
  5349 | D:5      | Killed Duvessa
  5360 | D:5      | Killed Dowan
  5662 | D:6      | Slain by an ogre

Illustrated notes

Levels and vault maps discovered:
D:1:      dpeg_arrival_round_b, layout_basic,
          dreamdust_ecumenical_altar_hidden_monk_grotto
D:2:      layout_rooms, feat_on_display
D:3:      layout_loops_ring
D:4:      layout_cave_pods, chequers_serial_rivers_marsh
D:5:      layout_basic, kennysheep_cross_bottleneck, uniq_duvessa, uniq_sigmund
D:6:      layout_loops_cross

Skill      XL: |  1  2  3  4  5  6  7 |
---------------+----------------------+-----
Armour         | 4 5 |  5.9
Fighting       | 4 5 |  5.9
Shields        | 4 5 |  5.0
Maces & Flails | 3 4 |  4.8

Action                   |  1- 3 |  4- 6 |  7- 9 || total
-------------------------+-------+-------+-------++-------
Melee: Flail             |   123 |   145 |    53 ||   321
 Fire: Hunting sling     |       |    24 |    21 ||    45
  Use: Potion            |       |       |     1 ||     1
Armor: Scale mail        |    68 |    92 |    48 ||   208
Dodge: Dodged            |    56 |    73 |    36 ||   165
Block: Buckler           |    28 |    41 |    20 ||    89
